[gd_scene load_steps=12 format=2]

[ext_resource path="res://obstacles/Obstacle.tscn" type="PackedScene" id=1]
[ext_resource path="res://obstacles/snek/sprites/snake2.png" type="Texture" id=2]
[ext_resource path="res://obstacles/snek/sprites/snake1.png" type="Texture" id=3]
[ext_resource path="res://obstacles/snek/Snake.gd" type="Script" id=4]
[ext_resource path="res://AudioPlayers.gd" type="Script" id=5]
[ext_resource path="res://obstacles/spider/sfx/chomp.wav" type="AudioStream" id=6]
[ext_resource path="res://obstacles/snek/sfx/hiss2.wav" type="AudioStream" id=7]
[ext_resource path="res://obstacles/snek/sfx/hiss1.wav" type="AudioStream" id=8]

[sub_resource type="Animation" id=1]
resource_name = "snake move"
length = 0.4
loop = true
tracks/0/type = "value"
tracks/0/path = NodePath(".:texture")
tracks/0/interp = 1
tracks/0/loop_wrap = true
tracks/0/imported = false
tracks/0/enabled = true
tracks/0/keys = {
"times": PoolRealArray( 0, 0.2, 0.4 ),
"transitions": PoolRealArray( 1, 1, 1 ),
"update": 1,
"values": [ ExtResource( 3 ), ExtResource( 2 ), ExtResource( 3 ) ]
}

[sub_resource type="RectangleShape2D" id=2]
extents = Vector2( 19.6408, 31.093 )

[sub_resource type="CapsuleShape2D" id=3]
radius = 1.90705
height = 17.5402

[node name="Snake" instance=ExtResource( 1 )]
script = ExtResource( 4 )
always_face = false

[node name="Sprite" parent="." index="0"]
position = Vector2( -61.3626, -25.0805 )
scale = Vector2( 2, 2 )
texture = ExtResource( 3 )

[node name="AnimationPlayer" type="AnimationPlayer" parent="Sprite" index="0"]
autoplay = "snake move"
"anims/snake move" = SubResource( 1 )

[node name="KillZone" parent="." index="1"]
position = Vector2( -32, 0 )

[node name="CollisionShape2D" parent="KillZone" index="0"]
position = Vector2( 59.2971, 8.66235 )
rotation = 0.22246
shape = SubResource( 2 )

[node name="KinematicBody2D" type="KinematicBody2D" parent="." index="2"]
collision_layer = 1024
collision_mask = 0

[node name="CollisionShape2D" type="CollisionShape2D" parent="KinematicBody2D" index="0"]
position = Vector2( 7.53857, 7.37174 )
rotation = 0.229363
shape = SubResource( 3 )

[node name="CollisionShape2D10" type="CollisionShape2D" parent="KinematicBody2D" index="1"]
position = Vector2( 10.9964, -11.23 )
rotation = 0.110612
shape = SubResource( 3 )

[node name="CollisionShape2D12" type="CollisionShape2D" parent="KinematicBody2D" index="2"]
position = Vector2( 12.7956, -18.1697 )
rotation = 0.192866
shape = SubResource( 3 )

[node name="CollisionShape2D2" type="CollisionShape2D" parent="KinematicBody2D" index="3"]
position = Vector2( 0.420883, 23.835 )
rotation = 0.469182
shape = SubResource( 3 )

[node name="CollisionShape2D3" type="CollisionShape2D" parent="KinematicBody2D" index="4"]
position = Vector2( -13.8044, 33.7678 )
rotation = 1.34459
shape = SubResource( 3 )

[node name="CollisionShape2D4" type="CollisionShape2D" parent="KinematicBody2D" index="5"]
position = Vector2( -30.4407, 34.0921 )
rotation = 1.74173
shape = SubResource( 3 )

[node name="CollisionShape2D5" type="CollisionShape2D" parent="KinematicBody2D" index="6"]
position = Vector2( -47.3602, 29.3442 )
rotation = 1.88069
shape = SubResource( 3 )

[node name="CollisionShape2D6" type="CollisionShape2D" parent="KinematicBody2D" index="7"]
position = Vector2( -65.4414, 26.2495 )
rotation = 1.57303
shape = SubResource( 3 )

[node name="CollisionShape2D7" type="CollisionShape2D" parent="KinematicBody2D" index="8"]
position = Vector2( -83.5702, 31.0006 )
rotation = 1.14791
shape = SubResource( 3 )

[node name="CollisionShape2D8" type="CollisionShape2D" parent="KinematicBody2D" index="9"]
position = Vector2( -97.6466, 33.0641 )
rotation = 1.82587
shape = SubResource( 3 )

[node name="CollisionShape2D9" type="CollisionShape2D" parent="KinematicBody2D" index="10"]
position = Vector2( -112.867, 23.3755 )
rotation = 2.32129
shape = SubResource( 3 )

[node name="CollisionShape2D11" type="CollisionShape2D" parent="KinematicBody2D" index="11"]
position = Vector2( -126.489, 16.8214 )
rotation = 1.58623
shape = SubResource( 3 )

[node name="chomp" type="AudioStreamPlayer" parent="KillPlayer" index="0"]
stream = ExtResource( 6 )

[node name="SlitherPlayer" type="Node" parent="." index="5"]
script = ExtResource( 5 )
play_randomly = true
random_freq = 1.0
random_freq_randomness = 2.0
positional = true

[node name="hiss1" type="AudioStreamPlayer" parent="SlitherPlayer" index="0"]
stream = ExtResource( 8 )

[node name="hiss2" type="AudioStreamPlayer" parent="SlitherPlayer" index="1"]
stream = ExtResource( 7 )
